 Dungeon Crawl Stone Soup version 0.25.1-2-g60ff931df9 (webtiles) character file.

Game seed: 14704582808909487828

0 coolio the Magician (level 1, -1/13 HPs)
             Began as a Gnoll Wanderer on Oct 19, 2020.
             Slain by a rat (3 damage)
             ... on level 1 of the Dungeon.
             The game lasted 00:00:21 (68 turns).

coolio the Magician (Gnoll Wanderer)                  Turns: 68, Time: 00:00:21

Health: -1/13      AC:  2    Str: 14    XL:     1   Next: 10%
Magic:  8/8        EV: 11    Int: 14    God:
Gold:   0          SH:  0    Dex: 14    Spells: 13/14 levels left

rFire    . . .     SeeInvis .   a - +0 club
rCold    . . .     Gourm    .   (no shield)
rNeg     . . .     Faith    .   d - +0 robe
rPois    .         Spirit   .   (no helmet)
rElec    .         Reflect  .   (no cloak)
rCorr    .         Harm     .   (no gloves)
MR       .....                  (no boots)
Stlth    ++........             (no amulet)
HPRegen  0.04/turn              (no ring)
MPRegen  0.11/turn              (no ring)

@: no status effects
A: distributed training, fangs 1, strong nose
a: no special abilities


You were on level 1 of the Dungeon.
You were not hungry.

You visited 1 branch of the dungeon, and saw 1 of its levels.

Inventory:

Hand Weapons
 a - a +0 club (weapon)
Armour
 d - a +0 robe (worn)
Potions
 c - a potion of curing
Comestibles
 f - a ration


   Skills:
 + Level 0.0 Fighting
 + Level 0.0 Short Blades
 + Level 0.0 Long Blades
 + Level 0.0 Axes
 + Level 0.0 Maces & Flails
 + Level 0.0 Polearms
 + Level 0.0 Staves
 + Level 0.0 Slings
 + Level 0.0 Bows
 + Level 0.0 Crossbows
 + Level 2.3 Throwing
 + Level 0.0 Armour
 + Level 0.0 Dodging
 + Level 2.1 Stealth
 + Level 0.0 Shields
 + Level 0.0 Unarmed Combat
 + Level 7.0 Spellcasting
 + Level 0.0 Conjurations
 + Level 0.0 Hexes
 + Level 3.6 Charms
 + Level 0.0 Summonings
 + Level 0.0 Necromancy
 + Level 0.0 Translocations
 + Level 0.0 Transmutations
 + Level 0.0 Fire Magic
 + Level 3.6 Ice Magic
 + Level 0.0 Air Magic
 + Level 0.0 Earth Magic
 + Level 1.9 Poison Magic
 + Level 0.0 Invocations
 + Level 0.0 Evocations


You had 13 spell levels left.
You knew the following spells:

 Your Spells              Type           Power        Failure   Level  Hunger
a - Freeze                Ice            ###.         3%          1    None

Your spell library contained the following spells:

 Spells                   Type           Power        Failure   Level  Hunger
 Frozen Ramparts          Ice            ###...       10%         3    ##.....
 Ozocubu's Armour         Chrm/Ice       ###.....     10%         3    ##.....
 Corpse Rot               Necr/Air       N/A          22%         2    #......
 Sublimation of Blood     Necr           #.........   22%         2    #......
 Hailstorm                Conj/Ice       ##......     54%         4    ####...
 Summon Ice Beast         Ice/Summ       ##......     54%         4    ####...


Dungeon Overview and Level Annotations

Branches:
Dungeon (1/15)

Altars:


Innate Abilities, Weirdness & Mutations

Your experience applies equally to all skills.
You have very sharp teeth.
Your uncanny sense of smell can sniff out nearby items.


Message History

You are too injured to fight recklessly!
You are too injured to fight recklessly!
You are too injured to fight recklessly!
You are too injured to fight recklessly!
You are too injured to fight recklessly!
You are too injured to fight recklessly!
You are too injured to fight recklessly!
You are too injured to fight recklessly!
You are too injured to fight recklessly!
You are too injured to fight recklessly!
You are too injured to fight recklessly!
You are too injured to fight recklessly!
You hit the rat. Your bite misses the rat.
The rat is moderately wounded.
The rat completely misses you. The kobold hits you.
* * * LOW HITPOINT WARNING * * *
You closely miss the rat.
The rat is moderately wounded.
The rat bites you.
You die...

.... ..#
....###.##.# ...
#.......#.# ..(
#.......#.# ......
#.........#.......
#.......#.#.......
#...$.............
#..K@...###.....
#..r#...........
###.#.#.....##
#.###>.######.#.
#.#...........#.
#.#.#...####..#.
#.#.#.........#.###
..# #...####.##.#..
#......#....#..


You could see a kobold and a rat.

Vanquished Creatures
  A rat (D:1)
1 creature vanquished.

Notes
Turn   | Place    | Note
-------+----------+-------------------------------------------
     0 | D:1      | coolio the Gnoll Wanderer began the quest for the Orb.
     0 | D:1      | coolio set off with the following items: a +0 club, a
                  | potion of curing, a +0 robe, a ration; and the following
                  | spell memorised: Freeze; and the following spells available
                  | to memorise: Frozen Ramparts, Ozocubu's Armour, Corpse Rot,
                  | Sublimation of Blood, Hailstorm, Summon Ice Beast
     0 | D:1      | Reached XP level 1. HP: 13/13 MP: 8/8
    68 | D:1      | Slain by a rat

Illustrated notes

Levels and vault maps discovered:
D:1:      scummos_arrival_simple_fountains, layout_basic

Action                   || total
-------------------------++-------
Melee: Club              ||     9
Dodge: Dodged            ||     6
